| TOP OF THE 1ST |
|
Idaho Falls Chukars batting - Pitching for Los Angeles (NYP) Angels : LHP Mark Sanders
|
|
Pitching: LHP Mark Sanders
|
|
|
Batting: RHB Mike Bearden
|
0-0: Ball 1-0: Swinging Strike 1-1: Fly out, F9 (Flyball, 9, EV 80.0 MPH)
|
|
Batting: RHB Carlos Almada
|
0-0: Ball 1-0: Called Strike 1-1: Ball 2-1: Ground out 4-3 (Groundball, 4, EV 85.6 MPH)
|
|
Batting: RHB Chance Argy
|
0-0: Ball 1-0: Ground out 4-3 (Groundball, 4, EV 90.0 MPH)
|
| Top of the 1st over - 0 runs, 0 hits, 0 errors, 0 left on base; Idaho Falls 0 - Los Angeles (NYP) 0 |
| BOTTOM OF THE 1ST |
|
Los Angeles (NYP) Angels batting - Pitching for Idaho Falls Chukars : RHP Mike Valdez
|
|
Pitching: RHP Mike Valdez
|
|
|
Batting: RHB Dan Myers
|
0-0: Ball 1-0: Foul Ball, location: 2F 1-1: Foul Ball, location: 2F 1-2: Ball 2-2: Strikes out swinging
|
|
Batting: RHB Davey Verhoog
|
0-0: Ground out 6-3 (Groundball, 6, EV 79.4 MPH)
|
|
Batting: RHB Sean Rocha
|
0-0: Called Strike 0-1: Ball 1-1: Ball 2-1: Ball 3-1: Ground out 1-3 (Groundball, 15S, EV 68.8 MPH)
|
| Bottom of the 1st over - 0 runs, 0 hits, 0 errors, 0 left on base; Idaho Falls 0 - Los Angeles (NYP) 0 |
| TOP OF THE 2ND |
|
Idaho Falls Chukars batting - Pitching for Los Angeles (NYP) Angels : LHP Mark Sanders
|
|
Batting: LHB Vicente Hernandez
|
0-0: Foul Ball, location: 2F 0-1: Ball 1-1: Ball 2-1: Called Strike 2-2: Foul Ball, location: 2F 2-2: Foul Ball, location: 2F 2-2: Fly out, F7 (Flyball, 7D, EV 106.9 MPH)
|
|
Batting: RHB Ian Hornsby
|
0-0: Ball 1-0: Ball 2-0: Called Strike 2-1: Ball 3-1: Called Strike 3-2: Strikes out looking
|
|
Batting: RHB Bobby Matyas
|
0-0: Ball 1-0: Ball 2-0: Foul Ball, location: 2F 2-1: Ground out 5-3 (Groundball, 5S, EV 92.5 MPH)
|
| Top of the 2nd over - 0 runs, 0 hits, 0 errors, 0 left on base; Idaho Falls 0 - Los Angeles (NYP) 0 |
| BOTTOM OF THE 2ND |
|
Los Angeles (NYP) Angels batting - Pitching for Idaho Falls Chukars : RHP Mike Valdez
|
|
Batting: SHB Danny Gelinas
|
0-0: Ball 1-0: Called Strike 1-1: Foul Ball, location: 2F 1-2: Strikes out swinging
|
|
Batting: LHB Alberto Carrillo
|
0-0: Ball 1-0: Ball 2-0: Called Strike 2-1: Ball 3-1: Called Strike 3-2: Ground out 6-3 (Groundball, 56D, EV 77.5 MPH)
|
|
Pitching: LHP Kentaro Shimasaki
|
|
|
Batting: LHB Spencer Palmer
|
0-0: Called Strike 0-1: Ball 1-1: Ball 2-1: Called Strike 2-2: Strikes out swinging
|
| Bottom of the 2nd over - 0 runs, 0 hits, 0 errors, 0 left on base; Idaho Falls 0 - Los Angeles (NYP) 0 |
| TOP OF THE 3RD |
|
Idaho Falls Chukars batting - Pitching for Los Angeles (NYP) Angels : LHP Mark Sanders
|
|
Batting: RHB Jimmy Mayville
|
0-0: Called Strike 0-1: Called Strike 0-2: Ball 1-2: Foul Ball, location: 2F 1-2: Strikes out swinging
|
|
Batting: LHB David Bearden
|
0-0: Called Strike 0-1: Ball 1-1: Ball 2-1: Ground out U3 (Groundball, 34, EV 106.9 MPH)
|
|
Batting: RHB Trevor Kingston
|
0-0: Ball 1-0: Foul Ball, location: 2F 1-1: Foul Ball, location: 2F 1-2: Strikes out swinging
|
| Top of the 3rd over - 0 runs, 0 hits, 0 errors, 0 left on base; Idaho Falls 0 - Los Angeles (NYP) 0 |
| BOTTOM OF THE 3RD |
|
Los Angeles (NYP) Angels batting - Pitching for Idaho Falls Chukars : LHP Kentaro Shimasaki
|
|
Batting: RHB Phil Knox
|
0-0: Ball 1-0: Fly out, F8 (Flyball, 8RXD, EV 106.2 MPH)
|
|
Batting: LHB Adam Barry
|
0-0: Ball 1-0: Foul Ball, location: 2F 1-1: Fly out, F3 (Line Drive, 3, EV 68.1 MPH)
|
|
Batting: RHB Ron Major
|
0-0: Ball 1-0: Ball 2-0: Called Strike 2-1: Called Strike 2-2: Strikes out swinging
|
| Bottom of the 3rd over - 0 runs, 0 hits, 0 errors, 0 left on base; Idaho Falls 0 - Los Angeles (NYP) 0 |
| TOP OF THE 4TH |
|
Idaho Falls Chukars batting - Pitching for Los Angeles (NYP) Angels : LHP Mark Sanders
|
|
Batting: RHB Mike Bearden
|
0-0: Fly out, F4 (Popup, 4, EV 57.5 MPH)
|
|
Batting: RHB Carlos Almada
|
0-0: Ball 1-0: Ground out U3 (Groundball, 3S, EV 68.8 MPH)
|
|
Batting: RHB Chance Argy
|
0-0: Ball 1-0: Ball 2-0: Ball 3-0: Base on Balls
|
|
Batting: LHB Vicente Hernandez
|
0-0: Ball 1-0: Fly out, F9 (Flyball, 9, EV 85.6 MPH)
|
| Top of the 4th over - 0 runs, 0 hits, 0 errors, 1 left on base; Idaho Falls 0 - Los Angeles (NYP) 0 |
| BOTTOM OF THE 4TH |
|
Los Angeles (NYP) Angels batting - Pitching for Idaho Falls Chukars : LHP Kentaro Shimasaki
|
|
Batting: RHB Dan Myers
|
0-0: Ball 1-0: Fly out, F8 (Flyball, 8RD, EV 98.8 MPH)
|
|
Batting: RHB Davey Verhoog
|
0-0: DOUBLE (Groundball, 3L, EV 110.0 MPH)
|
|
Pitching: LHP Hyoji Kawabata
|
|
|
Batting: RHB Sean Rocha
|
0-0: Ball Wild Pitch! Davey Verhoog to third 1-0: Ball 2-0: Called Strike 2-1: Ball 3-1: Called Strike 3-2: Base on Balls
|
|
Batting: SHB Danny Gelinas
|
0-0: Ball Sean Rocha steals 2nd base (no throw) 1-0: Ball Balk! Davey Verhoog scores Sean Rocha to third 2-0: Ball 3-0: Swinging Strike 3-1: Called Strike 3-2: Strikes out swinging
|
|
Batting: LHB Alberto Carrillo
|
0-0: Ball 1-0: Swinging Strike 1-1: Swinging Strike 1-2: Strikes out swinging
|
| Bottom of the 4th over - 1 run, 1 hit, 0 errors, 1 left on base; Idaho Falls 0 - Los Angeles (NYP) 1 |
| TOP OF THE 5TH |
|
Idaho Falls Chukars batting - Pitching for Los Angeles (NYP) Angels : LHP Mark Sanders
|
|
Batting: RHB Ian Hornsby
|
0-0: Ball 1-0: Ground out 5-3 (Groundball, 56S, EV 71.2 MPH)
|
|
Batting: RHB Bobby Matyas
|
0-0: Ball 1-0: Called Strike 1-1: Ground out 6-3 (Groundball, 6S, EV 87.5 MPH)
|
|
Batting: RHB Jimmy Mayville
|
0-0: Ball 1-0: Swinging Strike 1-1: Called Strike 1-2: Strikes out swinging
|
| Top of the 5th over - 0 runs, 0 hits, 0 errors, 0 left on base; Idaho Falls 0 - Los Angeles (NYP) 1 |
| BOTTOM OF THE 5TH |
|
Los Angeles (NYP) Angels batting - Pitching for Idaho Falls Chukars : LHP Hyoji Kawabata
|
|
Batting: LHB Spencer Palmer
|
0-0: Ball 1-0: Foul Ball, location: 2F 1-1: Foul Ball, location: 2F 1-2: Strikes out looking
|
|
Pitching: RHP Bryan Kiefer
|
|
|
Batting: RHB Phil Knox
|
0-0: Ground out 6-3 (Groundball, 6, EV 102.5 MPH)
|
|
Batting: LHB Adam Barry
|
0-0: Ball 1-0: Called Strike 1-1: Ball 2-1: Ball 3-1: Called Strike 3-2: Foul Ball, location: 2F 3-2: Foul Ball, location: 2F 3-2: Base on Balls
|
|
Batting: RHB Ron Major
|
0-0: Ball 1-0: Ball 2-0: Ball 3-0: Called Strike 3-1: Base on Balls Adam Barry to second
|
|
Batting: RHB Dan Myers
|
0-0: Ball 1-0: Called Strike 1-1: Foul Ball, location: 2F 1-2: Ball 2-2: Ball 3-2: Foul Ball, location: 2F 3-2: SINGLE (Line Drive, 89S, EV 100.0 MPH) Adam Barry to third Ron Major to second Adam Barry scores Ron Major to third
|
|
Pitching: RHP Tristan Jones
|
|
|
Batting: RHB Davey Verhoog
|
0-0: Called Strike 0-1: Foul Ball, location: 2F 0-2: Ball 1-2: Ball 2-2: Strikes out looking
|
| Bottom of the 5th over - 1 run, 1 hit, 0 errors, 2 left on base; Idaho Falls 0 - Los Angeles (NYP) 2 |
| TOP OF THE 6TH |
|
Idaho Falls Chukars batting - Pitching for Los Angeles (NYP) Angels : LHP Mark Sanders
|
|
Batting: LHB David Bearden
|
0-0: Ball 1-0: Ball 2-0: Swinging Strike 2-1: Ball 3-1: Ground out U3 (Groundball, 3, EV 95.6 MPH)
|
|
Batting: RHB Trevor Kingston
|
0-0: Ball 1-0: Swinging Strike 1-1: Called Strike 1-2: Ball 2-2: Strikes out swinging
|
|
Batting: RHB Mike Bearden
|
0-0: Swinging Strike 0-1: Swinging Strike 0-2: Foul Ball, location: 2F 0-2: Ball 1-2: Strikes out swinging wild pitch, reaches first!
|
|
Batting: RHB Carlos Almada
|
0-0: Swinging Strike 0-1: Ball 1-1: Fly out, F9 (Flyball, 89M, EV 92.5 MPH)
|
| Top of the 6th over - 0 runs, 0 hits, 0 errors, 1 left on base; Idaho Falls 0 - Los Angeles (NYP) 2 |
| BOTTOM OF THE 6TH |
|
Los Angeles (NYP) Angels batting - Pitching for Idaho Falls Chukars : RHP Tristan Jones
|
|
Batting: RHB Sean Rocha
|
0-0: Ball 1-0: Ball 2-0: DOUBLE (Flyball, 8LXD, EV 108.1 MPH)
|
|
Batting: SHB Danny Gelinas
|
0-0: Called Strike Sean Rocha steals 3rd base 0-1: Foul Ball, location: 2F 0-2: Strikes out swinging
|
|
Batting: LHB Alberto Carrillo
|
0-0: 2-RUN HOME RUN (Flyball, 89XD, EV 106.9 MPH), Distance : 428 ft
|
|
Pitching: RHP Francisco Reyes
|
|
|
Batting: LHB Spencer Palmer
|
0-0: Ball 1-0: SINGLE (Groundball, P, EV 88.8 MPH) (infield hit)
|
|
Batting: RHB Phil Knox
|
0-0: Swinging Strike Spencer Palmer steals 2nd base 0-1: Swinging Strike 0-2: Strikes out swinging
|
|
Batting: LHB Adam Barry
|
0-0: Ball 1-0: Foul Ball, location: 2F 1-1: Foul Ball, location: 2F 1-2: Ball 2-2: Fly out, F8 (Flyball, 78S, EV 91.9 MPH)
|
| Bottom of the 6th over - 2 runs, 3 hits, 0 errors, 1 left on base; Idaho Falls 0 - Los Angeles (NYP) 4 |
| TOP OF THE 7TH |
|
Idaho Falls Chukars batting - Pitching for Los Angeles (NYP) Angels : LHP Mark Sanders
|
|
Batting: RHB Chance Argy
|
0-0: Ball 1-0: Ground out 4-3 (Groundball, 4, EV 106.9 MPH)
|
|
Batting: LHB Vicente Hernandez
|
0-0: Ball 1-0: Swinging Strike 1-1: Swinging Strike 1-2: Strikes out swinging
|
|
Batting: RHB Ian Hornsby
|
0-0: Foul Ball, location: 2F 0-1: Ball 1-1: Ground out 4-3 (Groundball, 4, EV 78.1 MPH)
|
| Top of the 7th over - 0 runs, 0 hits, 0 errors, 0 left on base; Idaho Falls 0 - Los Angeles (NYP) 4 |
| BOTTOM OF THE 7TH |
|
Los Angeles (NYP) Angels batting - Pitching for Idaho Falls Chukars : RHP Francisco Reyes
|
|
Batting: RHB Ron Major
|
0-0: Ball 1-0: Ball 2-0: Ball 3-0: Ground out 4-3 (Groundball, 4, EV 83.1 MPH)
|
|
Batting: RHB Dan Myers
|
0-0: Ball 1-0: Foul Ball, location: 2F 1-1: Ball 2-1: Foul Ball, location: 2F 2-2: Ball 3-2: Foul Ball, location: 2F 3-2: Foul Ball, location: 2F 3-2: SINGLE (Groundball, 6MS, EV 71.2 MPH) (infield hit)
|
|
Pitching: LHP Bin Ya
|
|
|
Batting: RHB Davey Verhoog
|
0-0: Ball Dan Myers steals 2nd base 1-0: Ball 2-0: Called Strike 2-1: Foul Ball, location: 2F 2-2: Foul Ball, location: 2F 2-2: Foul Ball, location: 2F 2-2: Ball 3-2: Base on Balls
|
|
Batting: RHB Sean Rocha
|
0-0: Called Strike 0-1: Ball 1-1: Called Strike 1-2: Strikes out swinging
|
|
Batting: SHB Danny Gelinas
|
0-0: Ball 1-0: Ball 2-0: Ground out 1-3 (Groundball, 15S, EV 71.2 MPH)
|
| Bottom of the 7th over - 0 runs, 1 hit, 0 errors, 2 left on base; Idaho Falls 0 - Los Angeles (NYP) 4 |
| TOP OF THE 8TH |
|
Idaho Falls Chukars batting - Pitching for Los Angeles (NYP) Angels : LHP Mark Sanders
|
|
Batting: RHB Bobby Matyas
|
0-0: Ball 1-0: Ball 2-0: Called Strike 2-1: Foul Ball, location: 2F 2-2: Foul Ball, location: 2F 2-2: Ball 3-2: Ground out 6-3 (Groundball, 6, EV 101.9 MPH)
|
|
Batting: RHB Jimmy Mayville
|
0-0: Ball 1-0: Foul Ball, location: 2F 1-1: Called Strike 1-2: Strikes out looking
|
|
Batting: LHB David Bearden
|
0-0: Swinging Strike 0-1: Swinging Strike 0-2: Strikes out looking
|
| Top of the 8th over - 0 runs, 0 hits, 0 errors, 0 left on base; Idaho Falls 0 - Los Angeles (NYP) 4 |
| BOTTOM OF THE 8TH |
|
Los Angeles (NYP) Angels batting - Pitching for Idaho Falls Chukars : LHP Bin Ya
|
|
Batting: LHB Alberto Carrillo
|
0-0: Called Strike 0-1: Ball 1-1: SOLO HOME RUN (Line Drive, 9D, EV 96.9 MPH), Distance : 391 ft
|
|
Pitching: RHP Jim Haggart
|
|
|
Batting: LHB Spencer Palmer
|
0-0: Called Strike 0-1: Foul Ball, location: 2F 0-2: Ball 1-2: Strikes out swinging
|
|
Batting: RHB Phil Knox
|
0-0: SINGLE (Groundball, 34D, EV 102.5 MPH)
|
|
Batting: LHB Adam Barry
|
0-0: Swinging Strike Pickoff Throw to First - Error! E1 Phil Knox to second 0-1: Called Strike 0-2: Strikes out looking
|
|
Batting: RHB Ron Major
|
0-0: Called Strike 0-1: Ball Balk! Phil Knox to third 1-1: Foul Ball, location: 2F 1-2: Foul Ball, location: 2F 1-2: Strikes out swinging
|
| Bottom of the 8th over - 1 run, 2 hits, 1 error, 1 left on base; Idaho Falls 0 - Los Angeles (NYP) 5 |
| TOP OF THE 9TH |
|
Idaho Falls Chukars batting - Pitching for Los Angeles (NYP) Angels : LHP Mark Sanders
|
|
Batting: RHB Trevor Kingston
|
0-0: Foul Ball, location: 2F 0-1: Reached on error, E6 (Groundball, 6, EV 100.0 MPH)
|
|
Batting: RHB Mike Bearden
|
0-0: Called Strike 0-1: Called Strike 0-2: Ball 1-2: Ball 2-2: DOUBLE (Line Drive, 5D, EV 95.6 MPH) Trevor Kingston to third
|
|
Pitching: RHP Simon Vogel
|
|
|
Batting: RHB Carlos Almada
|
0-0: Called Strike 0-1: Called Strike 0-2: Strikes out swinging
|
|
Batting: RHB Chance Argy
|
0-0: Ball 1-0: Called Strike 1-1: Foul Ball, location: 2F 1-2: SINGLE (Line Drive, 89S, EV 101.9 MPH) Trevor Kingston scores Mike Bearden to third
|
|
Pitching: LHP Tyler MacLean
|
|
|
Batting: LHB Vicente Hernandez
|
0-0: Reached on error, E4 (Groundball, 4, EV 83.8 MPH) Mike Bearden scores Chance Argy to second
|
|
Batting: RHB Ian Hornsby
|
0-0: Called Strike 0-1: Ball 1-1: Called Strike 1-2: Strikes out looking
|
|
Batting: RHB Bobby Matyas
|
0-0: Ball 1-0: Foul Ball, location: 2F 1-1: Swinging Strike 1-2: Foul Ball, location: 2F 1-2: Strikes out swinging, 2-3 out at first.
|
| Top of the 9th over - 2 runs, 2 hits, 2 errors, 2 left on base; Idaho Falls 2 - Los Angeles (NYP) 5 |
|